 Dungeon Crawl Stone Soup version 0.27-a0-1500-g450c7e4133 (webtiles) character file.

Game seed: 15546661910901179630

31 Sobieck the Chopper (level 3, -2/33 HPs)
             Began as a Hill Orc Monk on July 7, 2021.
             Slain by a scorpion (6 damage)
             ... on level 4 of the Dungeon.
             The game lasted 00:01:30 (1050 turns).

Sobieck the Chopper (Hill Orc Monk)                 Turns: 1050, Time: 00:01:31

Health: -2/33      AC:  2    Str: 14    XL:     3   Next: 22%
Magic:  3/3        EV: 12    Int: 10    God:
Gold:   5          SH:  0    Dex: 13    Spells: 2/2 levels left

rFire    . . .     SeeInvis .   a - +0 hand axe {axe}
rCold    . . .     Faith    .   (no shield)
rNeg     . . .     Spirit   .   b - +0 robe
rPois    .         Reflect  .   (no helmet)
rElec    .         Harm     .   (no cloak)
rCorr    .         Rampage  .   (no gloves)
Will     .....                  (no boots)
Stlth    +.........             (no amulet)
HPRegen  0.11/turn              (no ring)
MPRegen  0.08/turn              (no ring)

@: confused, lethally poisoned (-2 -> -8), ambrosia-drunk
A: no striking features
a: no special abilities


You were on level 4 of the Dungeon.
You visited 1 branch of the dungeon, and saw 4 of its levels.

You collected 5 gold pieces.


   Skills:
 + Level 4.0 Fighting
 * Level 4.9 Axes
 + Level 2.7 Dodging
 - Level 1.5 Stealth


You had 2 spell levels left.
You didn't know any spells.
Your spell library was empty.

Inventory:

Hand Weapons
 a - a +0 hand axe (weapon) {axe}
Missiles
 c - 32 stones (quivered) {throwing}
Armour
 b - a +0 robe (worn)
Wands
 d - a wand of iceblast (2)
   (You found it on level 2 of the Dungeon)
Potions
 f - a potion of degeneration {unknown}

Dungeon Overview and Level Annotations

Branches:
Dungeon (4/15)
 Temple: D:4-7

Altars:

#..## ... ....#####.#
.......#..#
.........# ####
.#.....## .....
.##...## #...#
#......## ####...#
#.......# ####.#s..#
#......## ##...†@...#
##..##..###...###...#
##.###.......##
##....#
#..###.###.#### ##..
#....##.....#.## .
###............#
#..###.......##
####...........
#...<....#..


You could see a scorpion.


Message History

You hit the worm. You barely miss the worm. The worm bites you.
* * * LOW HITPOINT WARNING * * *
😨 HP[-3]
You take 3 damage, and now have 15/33 hp.
You completely miss the worm. The worm closely misses you.
You hit the worm.
Unknown command.
You barely miss the worm. The worm closely misses you.
You barely miss the worm. The worm closely misses you.
You hit the worm but do no damage. You hit the worm.
The worm barely misses you. 😨 HP[+1]
You hit the worm but do no damage. You hit the worm but do no damage.
The worm bites you but does no damage.
You hit the worm but do no damage. The worm closely misses you.
You barely miss the worm. You hit the worm. The worm closely misses you.
You hit the worm. The worm closely misses you.
You hit the worm. You hit the worm. The worm misses you. 😮 HP[+1]
You hit the worm. The worm barely misses you.
You hit the worm but do no damage. You hit the worm.
The worm bites you but does no damage.
You hit the worm. The worm misses you.
You barely miss the worm. You completely miss the worm.
The worm closely misses you.
You slash the worm!
You kill the worm!
You start resting. 😎 HP[+16]
Your hp is fully restored (33).
A quokka comes into view.
The quokka barely misses you.
You barely miss the quokka. The quokka barely misses you.
You closely miss the quokka. The quokka barely misses you.
You miss the quokka. The quokka barely misses you. x2
You hit the quokka. The quokka bites you. 😕 HP[-5]
You take 5 damage, and now have 28/33 hp.
You hit the quokka but do no damage. The quokka barely misses you. 😕 HP[+1]
You hit the quokka but do no damage. The quokka misses you.
The quokka completely misses you.
You hit the quokka.
You kill the quokka!
No target in view!
A scorpion comes into view.
You see here a quokka corpse. 😎 HP[+4]
Your hp is fully restored (33).
You hit the scorpion but do no damage. The scorpion closely misses you.
You hit the scorpion. The scorpion stings you.
The scorpion stings you but does no damage. 😕 HP[-3]
You take 3 damage, and now have 30/33 hp.
You hit the scorpion. The scorpion stings you. 😕 HP[-3]
You take 3 damage, and now have 27/33 hp.
You hit the scorpion but do no damage. The scorpion stings you.
You are poisoned.
The scorpion poisons you! 😮 HP[-3]
You take 3 damage, and now have 24/33 hp.
You hit the scorpion but do no damage.
You feel very sick. The scorpion stings you.
You are more poisoned.
The scorpion poisons you! 😮 HP[-6]
You take 6 damage, and now have 18/33 hp.
You hit the scorpion.
* * * LOW HITPOINT WARNING * * *
You feel very sick. The scorpion closely misses you. The scorpion stings you.
* * * LOW HITPOINT WARNING * * *
😨 HP[-8]
You take 8 damage, and now have 10/33 hp.
MASSIVE DAMAGE!! (PAUSE)
You hit the scorpion but do no damage.
* * * LOW HITPOINT WARNING * * *
You feel very sick.
The scorpion barely misses you. 😱 HP[-2]
You take 2 damage, and now have 8/33 hp.
You closely miss the scorpion.
* * * LOW HITPOINT WARNING * * *
You feel very sick. The scorpion stings you.
* * * LOW HITPOINT WARNING * * *
😱 HP[-7]
You take 7 damage, and now have 1/33 hp.
MASSIVE DAMAGE!! (PAUSE) It was a potion of ambrosia.
You are confused.
You feel invigorated.
* * * LOW HITPOINT WARNING * * *
You feel sick. The scorpion closely misses you. The scorpion stings you.
You die...

Skill      XL: |  1  2 |
---------------+-------+-----
Fighting       | 4 |  4.0
Axes           | |  4.9
Dodging        | |  2.7
Stealth        | |  1.5

Action                   || total
-------------------------++-------
Melee: Hand axe          ||    69
Throw: Stone             ||     6
Evoke: Wand              ||     3
  Use: Potion            ||     1
 Stab: Distracted        ||     1
Armor: Robe              ||     8
Dodge: Dodged            ||    52

Levels and vault maps discovered:
D:1:      lemuel_arrival_cross, layout_basic, ebering_ecumenical_altar_rust,
          minmay_misc_feat_plants
D:2:      layout_basic, minmay_tiny_reverse_x
D:3:      kennysheep_the_goblin_king, layout_basic, serial_shops,
          nicolae_shop_trees, minmay_misc_feat_tiny, hex_large, uniq_jessica,
          uniq_terence
D:4:      layout_cave_pools, okawaru_gym_becter, hangedman_abyss_or_decor_passed

Notes
Turn   | Place    | Note
-------+----------+-------------------------------------------
     0 | D:1      | Sobieck the Hill Orc Monk began the quest for the Orb.
     0 | D:1      | Reached XP level 1. HP: 19/19 MP: 1/1
     0 | D:1      | magus.rc [v1.9.6]
   212 | D:2      | Reached XP level 2. HP: 27/27 MP: 2/2
   625 | D:4      | HP: 5/27 [shadow imp (2)]
   628 | D:4      | Reached skill level 4 in Fighting
   628 | D:4      | Reached XP level 3. HP: 7/33 MP: 3/3
  1040 | D:4      | Noticed a scorpion
  1048 | D:4      | HP: 8/33 [poisoned by a scorpion]
  1049 | D:4      | HP: 1/33 [scorpion (4)]
  1050 | D:4      | Slain by a scorpion

Vanquished Creatures
  A shadow imp (D:4)
  2 worms
  An orc (D:3)
  2 bats
  2 endoplasms (D:3)
  2 jackals (D:2)
  A kobold (D:2)
  2 quokkas
  A frilled lizard (D:2)
  A rat (D:3)
15 creatures vanquished.

Table legend:
 A = Non-vault XP
 B = Vault XP
 C = Vault XP percentage of total XP
 D = Non-vault monster count
 E = Vault monster count
 F = Vault count percentage of total count
                 A         B        C        D         E       F
            +---------+---------+-------+---------+---------+-------
      Total |      45 |       0 |   0.0 |      15 |       0 |   0.0
            +---------+---------+-------+---------+---------+-------
        D:1 |       4 |       0 |   0.0 |       2 |       0 |   0.0
        D:2 |       9 |       0 |   0.0 |       5 |       0 |   0.0
        D:3 |      13 |       0 |   0.0 |       5 |       0 |   0.0
        D:4 |      19 |       0 |   0.0 |       3 |       0 |   0.0
            +---------+---------+-------+---------+---------+-------

Illustrated notes

Table legend:
 A = Kills in this place as a percentage of kills in entire the game.
 B = Kills by you in this place as a percentage of kills by you in the entire game.
 C = Kills by friends in this place as a percentage of kills by friends in the entire game.
 D = Other kills in this place as a percentage of other kills in the entire game.
 E = Experience gained in this place as a percentage of experience gained in the entire game.
 F = Experience gained in this place divided by the number of levels of this place that you have seen.
                   A       B       C       D       E      F
               +-------+-------+-------+-------+-------+----------------------
         Total | 100.0 | 100.0 |   N/A |   N/A | 100.0 |  11.2
       Dungeon | 100.0 | 100.0 |   N/A |   N/A | 100.0 |  11.2
               +-------+-------+-------+-------+-------+----------------------

Table legend: (Time is in decaauts)
 A = Elapsed time spent in this place.
 B = Non-inter-level travel time spent in this place.
 C = Inter-level travel time spent in this place.
 D = Time resting spent in this place.
 E = Time spent auto-exploring this place.
 F = Levels seen in this place.
 G = Mean time per level.
                   A        B        C        D        E       F      G
               +--------+--------+--------+--------+--------+-----+--------+
         Total |   1057 |   1003 |     54 |    667 |    169 |   4 |  264.2 |
       Dungeon |   1057 |   1003 |     54 |    667 |    169 |   4 |  264.2 |
               +--------+--------+--------+--------+--------+-----+--------+

Top non-repeatable levels by time:
     D:4: 439 daAuts
     D:2: 264 daAuts
     D:1: 198 daAuts
     D:3: 155 daAuts
